[Event "Fagernes Open 2021"]
[Site "Fagernes"]
[Date "2021.10.11"]
[Round "2.1"]
[White "Dulman, Egmond-Gabriel"]
[Black "Ostensen, Nicolai Maxime"]
[Result "1/2-1/2"]
[ECO "A38"]
[WhiteElo "2065"]
[BlackElo "1768"]
[Annotator "ChessBase"]
[PlyCount "148"]
[EventDate "2021.10.10"]
[EventCountry "NOR"]
[SourceTitle "playchess.com"]
[Source "ChessBase"]
[SourceQuality "1"]
[TimeControl "40/5400+30:1800+30"]

1. Nf3 g6 2. g3 Bg7 3. Bg2 Nf6 4. O-O O-O 5. c4 c5 6. Nc3 Nc6 7. e4 d6 8. d3 Ne8 9. Bg5 Nc7 10. Qd2 Re8 11. Nh4 a6 12. Bh6 Rb8 13. Bxg7 Kxg7 14. f4 b5 15. e5 Nd4 16. Ne4 bxc4 17. exd6 exd6 18. dxc4 Bb7 19. Nc3 Bxg2 20. Qxg2 Rb4 21. f5 Rxc4 22. f6+ Kg8 23. Qd2 Re6 24. Qg5 Re5 25. Qd2 Nc6 26. Nf5 d5 27. b3 Rb4 28. a3 Rb8 29. Nh6+ Kf8 30. Ng4 Rh5 31. Na4 Ne6 32. Rac1 d4 33. b4 Qd7 34. bxc5 Ng5 35. Qg2 Re8 36. Nf2 Ne5 37. Nb6 Ngf3+ 38. Kh1 Qc6 39. h3 Qxf6 40. Ng4 Qc6 41. Nxe5 Nxe5 42. Qxc6 Nxc6 43. Nd7+ Kg7 44. Nf6 Rxh3+ 45. Kg2 Re6 46. Kxh3 Rxf6 47. Rfd1 Rf3 48. Rb1 Rf5 49. Rb6 Rxc5 50. Rxa6 h5 51. Rd2 Kh6 52. a4 Kg5 53. Rb6 f5 54. Rb5 Rc4 55. Ra2 Nb4 56. Rb2 d3 57. a5 h4 58. R2xb4 d2 59. Rb1 Rc1 60. gxh4+ Kh6 61. Rd5 Rxb1 62. Rxd2 Rb3+ 63. Kh2 Ra3 64. Rg2 Rxa5 65. Rg5 Ra3 66. Kg2 Ra7 67. Kg3 Ra1 68. Kg2 Re1 69. Kh2 Re8 70. Kg3 Re3+ 71. Kg2 Re8 72. Kg3 Re3+ 73. Kg2 Re8 74. Kg3 Re3+ 1/2-1/2

[Event "Fagernes Open 2021"]
[Site "Fagernes"]
[Date "2021.10.11"]
[Round "2.2"]
[White "Cross, Jamie"]
[Black "Krivenko, Dion"]
[Result "1/2-1/2"]
[ECO "B22"]
[WhiteElo "1761"]
[BlackElo "2045"]
[Annotator "NA"]
[PlyCount "228"]
[EventDate "2021.10.10"]
[EventCountry "NOR"]
[SourceTitle "playchess.com"]
[Source "ChessBase"]
[SourceQuality "1"]
[TimeControl "40/5400+30:1800+30"]

1. e4 c5 2. c3 d5 3. exd5 Qxd5 4. d4 Nc6 5. Nf3 Bf5 6. Nbd2 Qe6+ 7. Be2 cxd4 8. Nxd4 Nxd4 9. cxd4 Bd3 10. Nf3 Bxe2 11. Qxe2 Qxe2+ 12. Kxe2 Nf6 13. Bf4 Nd5 14. Be5 e6 15. Rac1 Kd7 16. Rc2 f6 17. Bg3 Bd6 18. Bxd6 Kxd6 19. Rhc1 Nf4+ 20. Kf1 Nd3 21. Rd1 Nb4 22. Rc4 Nc6 23. Ne1 Rac8 24. b3 Na5 25. Rc2 b6 26. Ke2 Kd5 27. Ke3 Nc6 28. Nd3 Ne7 29. Nb4+ Kd6 30. Kd3 a5 31. Rxc8 Rxc8 32. Nc2 Nd5 33. g3 Rc6 34. Ra1 g5 35. Ne3 b5 36. Nxd5 Kxd5 37. a3 h5 38. h3 Rc8 39. h4 gxh4 40. gxh4 Rg8 41. Rc1 Rg4 42. Rc5+ Kd6 43. Rxh5 f5 44. Rh8 Rf4 45. Ke3 Re4+ 46. Kf3 Ke7 47. Rb8 Rxd4 48. Rxb5 a4 49. bxa4 Rxa4 50. Rb3 Rxh4 51. Kg3 Ra4 52. f4 Kd6 53. Kf3 Kd5 54. Ke3 Ra8 55. Rd3+ Kc5 56. Rc3+ Kd5 57. Rd3+ Kc4 58. Rd4+ Kc5 59. Rd3 Rh8 60. Rc3+ Kd5 61. Rd3+ Kc4 62. Rd6 Rh3+ 63. Kf2 Rh6 64. Ra6 Kd3 65. Kf3 Rh3+ 66. Kf2 Ke4 67. Rxe6+ Kxf4 $11 68. a4 Ra3 69. Rh6 Ra2+ 70. Kf1 Kf3 71. Rh3+ Kg4 72. Rb3 Rxa4 73. Rc3 f4 74. Rb3 Ra1+ 75. Kf2 Ra2+ 76. Kf1 Kf5 77. Rb5+ Ke4 78. Rb4+ Kf3 79. Rb3+ Kg4 80. Rc3 Ra4 81. Rb3 Kf5 82. Rc3 Ke4 83. Rb3 Kd4 84. Rf3 Ra1+ 85. Kf2 Ke4 86. Rb3 Rh1 87. Rb4+ Kf5 88. Rb5+ Kg4 89. Rb3 Rh2+ 90. Kf1 Rh5 91. Rc3 Ra5 92. Rb3 Ra4 93. Rc3 Kf5 94. Rb3 Ke4 95. Rc3 Rd4 96. Rb3 Rd5 97. Rb4+ Kf3 98. Rb3+ Kg4 99. Kf2 Rd2+ 100. Kf1 Rh2 101. Rc3 Rh3 102. Rxh3 Kxh3 103. Kf2 Kg4 104. Kg2 Kg5 105. Kf3 Kf5 106. Kf2 Kg4 107. Kg2 f3+ 108. Kf2 Kf4 109. Kf1 Ke3 110. Ke1 Ke4 111. Kf2 Kf4 112. Kf1 Ke3 113. Ke1 f2+ 114. Kf1 Kf3 1/2-1/2

[Event "Fagernes Open 2021"]
[Site "Fagernes"]
[Date "2021.10.11"]
[Round "2.3"]
[White "Galinsky, Misha"]
[Black "Johannessen, Heine N"]
[Result "1-0"]
[ECO "A36"]
[WhiteElo "1756"]
[BlackElo "1930"]
[Annotator "ChessBase"]
[PlyCount "103"]
[EventDate "2021.10.10"]
[EventCountry "NOR"]
[SourceTitle "playchess.com"]
[Source "ChessBase"]
[SourceQuality "1"]
[TimeControl "40/5400+30:1800+30"]

1. c4 c5 2. g3 g6 3. Bg2 Bg7 4. e3 Nc6 5. Ne2 e5 6. O-O Nge7 7. Nbc3 O-O 8. a3 d6 9. Rb1 a5 10. Qc2 Bf5 11. d3 Qd7 12. Nd5 Nxd5 13. Bxd5 Rae8 14. Nc3 h5 15. Bg2 h4 16. Nd5 Bh3 17. b4 axb4 18. axb4 e4 19. dxe4 Ne5 20. Bb2 Bxg2 21. Kxg2 h3+ 22. Kh1 Qg4 23. f4 Nd7 24. Bxg7 Kxg7 25. Nc7 Re7 26. Nd5 Ree8 27. Nc7 Rc8 28. Nb5 Rc6 29. Rbd1 cxb4 30. Rxd6 Rxd6 31. Nxd6 Nc5 32. f5 Rd8 33. Qb2+ f6 34. e5 Nd3 35. exf6+ Kf8 36. Qa2 gxf5 37. Nxf5 Qe4+ 38. Kg1 Ne5 39. Qe2 b3 40. Nh4 Nxc4 41. Qh5 Qxe3+ 42. Kh1 Qe4+ 43. Nf3 Rd7 44. Qc5+ Kf7 45. Qxc4+ Qxc4 46. Ne5+ Ke6 47. Nxc4 Rf7 48. Na5 b2 49. Nc4 b5 50. Nxb2 b4 51. Nd3 b3 52. Nc5+ 1-0

[Event "Fagernes Open 2021"]
[Site "Fagernes"]
[Date "2021.10.11"]
[Round "2.4"]
[White "Unhjem, Bjorn Robert Lovoll"]
[Black "Erikstad, Olav Aage"]
[Result "1-0"]
[ECO "B15"]
[WhiteElo "1924"]
[BlackElo "1761"]
[Annotator "NA"]
[PlyCount "77"]
[EventDate "2021.10.10"]
[EventCountry "NOR"]
[SourceTitle "playchess.com"]
[Source "ChessBase"]
[SourceQuality "1"]
[TimeControl "40/5400+30:1800+30"]

1. d4 c6 2. e4 d5 3. Nc3 dxe4 4. Nxe4 Nf6 5. Nc3 Bg4 6. f3 Bh5 7. Nge2 e6 8. Nf4 Bg6 9. h4 Nh5 10. Nxh5 Bxh5 11. g4 Be7 12. gxh5 Bxh4+ 13. Ke2 Nd7 14. Ne4 Be7 15. Bf4 Nb6 16. Be5 f6 17. Bf4 Nd5 18. Bg3 Qb6 19. c4 Qxb2+ 20. Qd2 Qxa1 21. Bg2 Qxh1 22. Bxh1 Nb6 23. Qc2 O-O-O 24. Bf2 f5 25. Nd2 Bf6 26. Nb3 g5 27. f4 g4 28. d5 cxd5 29. cxd5+ Kb8 30. dxe6 Na4 31. Qxf5 Nc3+ 32. Kf1 g3 33. Qxf6 gxf2 34. Qe5+ Ka8 35. Qxc3 Rd1+ 36. Kxf2 Rg8 37. Bxb7+ Kb8 38. Bf3 Rgg1 39. Bxd1 1-0

[Event "Fagernes Open 2021"]
[Site "Fagernes"]
[Date "2021.10.11"]
[Round "2.5"]
[White "Dahl, Torbjorn"]
[Black "Orban, Tiberiu"]
[Result "1-0"]
[ECO "C47"]
[WhiteElo "1876"]
[BlackElo "1731"]
[Annotator "NA"]
[PlyCount "87"]
[EventDate "2021.10.10"]
[EventCountry "NOR"]
[SourceTitle "playchess.com"]
[Source "ChessBase"]
[SourceQuality "1"]
[TimeControl "40/5400+30:1800+30"]

1. e4 e5 2. Nf3 Nc6 3. Nc3 Nf6 4. d4 exd4 5. Nd5 d6 6. Nxd4 Bd7 7. Bc4 Ne5 8. Bb3 c5 9. Nf3 c4 10. Nxe5 cxb3 11. Nxf6+ gxf6 12. Nxd7 bxc2 13. Nxf6+ Qxf6 14. Qxc2 Rg8 15. Qa4+ Kd8 16. O-O Bg7 17. Qa5+ Kd7 18. Qb5+ Kc8 19. Bg5 Qe6 20. Rac1+ Kb8 21. Bf4 Be5 22. Bxe5 dxe5 23. Rc3 a6 24. Qd3 Ka7 25. Qe3+ Qb6 26. Qxb6+ Kxb6 27. Rfc1 Rg7 28. Rb3+ Ka7 29. Rc7 Rb8 30. Re7 Rg6 31. Rxf7 Rd6 32. Kf1 Ka8 33. Rxh7 Rd2 34. Ke1 Rc2 35. Rg7 b5 36. h4 Rd8 37. Rc3 Rxb2 38. Rcc7 Rxa2 39. h5 b4 40. h6 b3 41. Ra7+ Kb8 42. Rab7+ Ka8 43. Rxb3 Rdd2 44. h7 1-0

[Event "Fagernes Open 2021"]
[Site "Fagernes"]
[Date "2021.10.11"]
[Round "2.6"]
[White "Wibe, Per H."]
[Black "Edvardsen, Ragnar"]
[Result "0-1"]
[ECO "D02"]
[WhiteElo "1755"]
[BlackElo "1865"]
[Annotator "NA"]
[PlyCount "74"]
[EventDate "2021.10.10"]
[EventCountry "NOR"]
[SourceTitle "playchess.com"]
[Source "ChessBase"]
[SourceQuality "1"]
[TimeControl "40/5400+30:1800+30"]

1. d4 Nf6 2. Nf3 g6 3. Bf4 Bg7 4. Nbd2 d5 5. e3 O-O 6. h3 c5 7. c3 b6 8. Be2 Bb7 9. Qc2 Nbd7 10. Ne5 Rc8 11. Rd1 cxd4 12. exd4 Nxe5 13. Bxe5 Nd7 14. Bxg7 Kxg7 15. Nf3 f6 16. O-O e5 17. Qd2 e4 18. Nh2 f5 19. f4 Qe7 20. Qe3 Rf7 21. g4 fxg4 22. Nxg4 Rcf8 23. Rf2 h5 24. Nh2 Rxf4 25. Rg2 Qh4 26. Kh1 Rf2 27. Rdg1 Rxg2 28. Rxg2 Kh7 29. Rg3 Qf4 30. Qg1 Qf5 31. Rg5 Qf7 32. Nf1 Rg8 33. Ne3 Nf8 34. Qd1 Qf4 35. Re5 Qxe3 36. Bxh5 Qxh3+ 37. Kg1 gxh5+ 0-1

[Event "Fagernes Open 2021"]
[Site "Fagernes"]
[Date "2021.10.11"]
[Round "2.7"]
[White "Kreken, Eivind Grunt"]
[Black "Stromhaug, Kristoffer Wang"]
[Result "1-0"]
[ECO "D44"]
[WhiteElo "1838"]
[BlackElo "1718"]
[Annotator "NA"]
[PlyCount "43"]
[EventDate "2021.10.10"]
[EventCountry "NOR"]
[SourceTitle "playchess.com"]
[Source "ChessBase"]
[SourceQuality "1"]
[TimeControl "40/5400+30:1800+30"]

1. d4 d5 2. c4 c6 3. Nf3 Nf6 4. Nc3 e6 5. Bg5 dxc4 6. e4 Be7 7. Bxc4 Nbd7 8. O-O h6 9. Bf4 O-O 10. Qe2 a6 11. a4 b6 12. Bd3 c5 13. e5 Nd5 14. Nxd5 exd5 15. e6 fxe6 16. Qxe6+ Kh8 17. Qg6 Nf6 18. Be5 Qe8 19. Nh4 Qf7 20. Bxf6 gxf6 21. Qxh6+ Kg8 22. Ng6 1-0

[Event "Fagernes Open 2021"]
[Site "Fagernes"]
[Date "2021.10.11"]
[Round "2.8"]
[White "Rynning, Rune Kleiven"]
[Black "Pedersen, Max Moe"]
[Result "1/2-1/2"]
[ECO "B67"]
[WhiteElo "1721"]
[BlackElo "1837"]
[Annotator "NA"]
[PlyCount "119"]
[EventDate "2021.10.10"]
[EventCountry "NOR"]
[SourceTitle "playchess.com"]
[Source "ChessBase"]
[SourceQuality "1"]
[TimeControl "40/5400+30:1800+30"]

1. e4 c5 2. Nf3 d6 3. d4 cxd4 4. Nxd4 Nf6 5. Nc3 Nc6 6. Bg5 e6 7. Qd2 a6 8. O-O-O Bd7 {[%emt 0:00:00] 8...Bd7 scores better than 8...h6.} 9. f3 Nxd4 10. Qxd4 Be7 11. g4 h5 12. gxh5 Nxh5 13. Bxe7 Qxe7 14. Rg1 Bc6 15. Qxd6 Qxd6 16. Rd3 Qd5 17. Rxd5 Ke7 18. Rd2 Rh6 {[%emt 0:05:47] [#]} 19. Rg4 $146 ({Predecessor:} 19. Kd1 g6 20. Ke2 Nf4+ 21. Ke3 e5 22. h3 Rah8 23. Rh2 Rh5 24. Rgh1 Rh4 25. Kf2 f5 26. Kg3 {½-½ (41) Seo,J (2471)-Carlsson,L (2396) Uppsala 2021}) 19... g6 20. Rh4 g5 21. Rg4 f6 22. h4 Rg8 23. hxg5 fxg5 24. Rdg2 Nf4 25. Rg1 Rh2 26. Bd3 Rd8 27. Rd1 Kf6 28. e5+ Kxe5 29. Rxg5+ Kf6 30. Rg3 Nxd3+ 31. Rxd3 Rxd3 32. cxd3 Kf5 33. Ne4 Kf4 34. Rg6 Bd5 35. Nc3 Ke3 36. Nxd5+ exd5 37. Rb6 Kxd3 38. Rb3+ Kc4 39. Rxb7 d4 40. Re7 Kd3 41. Re1 Rc2+ 42. Kb1 Rf2 43. Rd1+ Ke3 44. Kc1 d3 45. Re1+ Kxf3 46. Re6 Rc2+ 47. Kd1 a5 48. Ra6 Rxb2 49. Rxa5 Ke3 50. Re5+ Kd4 51. Ra5 Rh2 $11 52. Ra8 Kc3 53. Rc8+ Kd4 54. a4 Ra2 55. Ra8 Kc3 56. Rc8+ Kb4 57. Rd8 Ra3 58. Kd2 Kxa4 59. Rxd3 Rxd3+ 60. Kxd3 1/2-1/2

[Event "Fagernes Open 2021"]
[Site "Fagernes"]
[Date "2021.10.11"]
[Round "2.9"]
[White "Fredriksen, Jan Gunnar"]
[Black "Strand, Amund Pihl"]
[Result "0-1"]
[ECO "D40"]
[WhiteElo "1835"]
[BlackElo "1712"]
[Annotator "NA"]
[PlyCount "58"]
[EventDate "2021.10.10"]
[EventCountry "NOR"]
[SourceTitle "playchess.com"]
[Source "ChessBase"]
[SourceQuality "1"]
[TimeControl "40/5400+30:1800+30"]

1. Nf3 d5 2. d4 Nf6 3. c4 e6 4. Nc3 Be7 5. e3 O-O 6. Bd3 dxc4 7. Bxc4 c5 8. O-O Nc6 9. dxc5 Bxc5 10. a3 Qe7 11. b4 Bd6 12. Bb2 Rd8 13. Qb3 a6 14. Qa2 b5 15. Bb3 Bb7 16. Ne2 a5 17. Ned4 Nxd4 18. Nxd4 axb4 19. a4 bxa4 20. Bxa4 Bd5 21. Qb1 Ne4 22. Nf3 Ng5 23. Nd4 Nh3+ 24. Kh1 Qh4 25. f4 Nf2+ 26. Kg1 Ng4 27. h3 Nxe3 28. Rf2 Bxf4 29. Ne2 Bg3 0-1

[Event "Fagernes Open 2021"]
[Site "Fagernes"]
[Date "2021.10.11"]
[Round "2.10"]
[White "Bach, Oliver"]
[Black "Fiskaaen, Martin Holten"]
[Result "0-1"]
[ECO "D24"]
[WhiteElo "1715"]
[BlackElo "1829"]
[Annotator "NA"]
[PlyCount "154"]
[EventDate "2021.10.10"]
[EventCountry "NOR"]
[SourceTitle "playchess.com"]
[Source "ChessBase"]
[SourceQuality "1"]
[TimeControl "40/5400+30:1800+30"]

1. d4 Nf6 2. Nf3 d5 3. c4 e6 4. Bg5 dxc4 5. Nc3 h6 6. Bxf6 Qxf6 7. e3 Nd7 8. Bxc4 g6 9. Nb5 Bb4+ 10. Nd2 Qd8 11. O-O a6 12. Nc3 O-O 13. Rc1 Be7 14. Qc2 Kg7 15. Bd3 c5 16. d5 Nf6 17. dxe6 Bxe6 18. Bc4 Bxc4 19. Nxc4 b5 20. Nd2 Qb6 21. Nce4 Rac8 22. Nf3 Qe6 23. Nxf6 Bxf6 24. b3 c4 25. bxc4 Rxc4 26. Qb3 Rfc8 27. Rxc4 bxc4 28. Qc2 c3 29. h3 Qc4 30. Rb1 Rc5 31. Rb3 a5 32. e4 a4 33. Rb1 Rb5 34. Rxb5 Qxb5 35. e5 Bxe5 36. Nxe5 Qxe5 37. Kf1 Qd4 38. Ke2 h5 39. Qd3 Qe5+ 40. Kd1 Qc5 41. Qc2 Qd5+ 42. Ke2 Qb5+ 43. Ke3 Qc4 44. f3 h4 45. Qe2 Qxe2+ 46. Kxe2 Kf6 47. Kd3 Kf5 48. Kxc3 Kf4 49. Kb4 Kg3 50. Kxa4 Kxg2 51. Kb5 Kxh3 52. a4 Kg3 53. a5 h3 54. a6 h2 55. a7 h1=Q 56. a8=Q Qxf3 57. Qe8 g5 58. Qe5+ Qf4 59. Qe1+ Kg4 60. Qd1+ Kf5 61. Qd7+ Kg6 62. Qe8 Qf6 63. Qg8+ Qg7 64. Qe8 Kh6 65. Qe2 f5 66. Qe6+ Qg6 67. Qe7 f4 68. Qf8+ Kh5 69. Qh8+ Kg4 70. Qh2 Qd3+ 71. Kc5 Qg3 72. Qh6 Qe3+ 73. Kd5 f3 74. Qf8 f2 75. Qc8+ Kg3 76. Qc7+ Qf4 77. Qc3+ Qf3+ 0-1

[Event "Fagernes Open 2021"]
[Site "Fagernes"]
[Date "2021.10.11"]
[Round "2.11"]
[White "Johannessen, Theo N"]
[Black "Amundsen, Ask"]
[Result "1/2-1/2"]
[ECO "A70"]
[WhiteElo "1668"]
[BlackElo "1816"]
[Annotator "NA"]
[PlyCount "136"]
[EventDate "2021.10.10"]
[EventCountry "NOR"]
[SourceTitle "playchess.com"]
[Source "ChessBase"]
[SourceQuality "1"]
[TimeControl "40/5400+30:1800+30"]

1. d4 Nf6 2. c4 c5 3. d5 e6 4. Nc3 exd5 5. cxd5 d6 6. Nf3 g6 7. h3 Bg7 8. e4 O-O 9. Bd3 Ne8 10. Bf4 Na6 11. Bxa6 bxa6 12. O-O Rb8 13. Qd2 Qb6 14. Rab1 f6 15. Rfe1 Bd7 16. Qc2 Rf7 17. Nd2 Bb5 18. a4 Bd7 19. Nc4 Qc7 20. Nd1 Rb4 21. b3 f5 22. e5 dxe5 23. Bxe5 Rxc4 24. Qxc4 Bxe5 25. Qxa6 Nf6 26. Ne3 Ne4 27. Rbc1 Bh2+ 28. Kf1 f4 29. Ng4 Nd2+ 30. Ke2 f3+ 31. Kxd2 Bxg4 32. hxg4 Qf4+ 33. Kc2 fxg2 34. Qe2 c4 35. bxc4 Rc7 36. Kb3 Qd6 37. Qe6+ Qxe6 38. dxe6 Kf8 39. Rg1 Bxg1 40. Rxg1 Ke7 41. Rxg2 Kxe6 42. f4 Rf7 43. Re2+ Kd6 44. Re4 a5 45. Kc3 h5 46. gxh5 gxh5 {[%emt 0:00:00] [#]} 47. Re5 $1 Rh7 48. Kd4 h4 $16 49. c5+ Kc6 50. Re6+ Kc7 51. Re2 h3 52. Rh2 Kc6 53. f5 Rh4+ 54. Ke5 Kxc5 55. f6 Rh8 56. f7 Rf8 57. Ke6 Kb4 58. Ke7 Rc8 59. Rxh3 Kxa4 60. f8=Q Rxf8 61. Kxf8 Kb4 62. Ke7 a4 63. Kd6 a3 64. Kd5 a2 65. Rh1 Kb3 66. Kd4 Kb2 67. Rh2+ Kb1 68. Rxa2 Kxa2 1/2-1/2

[Event "Fagernes Open 2021"]
[Site "Fagernes"]
[Date "2021.10.11"]
[Round "2.12"]
[White "Sekkingstad, Thomas"]
[Black "Myagmarsuren, Evsuld"]
[Result "1/2-1/2"]
[ECO "D10"]
[WhiteElo "1812"]
[BlackElo "1650"]
[Annotator "NA"]
[PlyCount "101"]
[EventDate "2021.10.10"]
[EventCountry "NOR"]
[SourceTitle "playchess.com"]
[Source "ChessBase"]
[SourceQuality "1"]
[TimeControl "40/5400+30:1800+30"]

1. d4 d5 2. c4 c6 3. cxd5 cxd5 4. Nf3 Nc6 5. Nc3 Bf5 6. Qb3 Qd7 7. Bf4 e6 8. e3 Bb4 9. Bb5 f6 10. O-O Bxc3 11. Bxc6 bxc6 12. Qxc3 Ne7 13. Nd2 h5 14. h4 g5 15. hxg5 fxg5 16. Be5 O-O 17. Nb3 Ng6 18. Nc5 Qh7 19. f4 g4 20. Rae1 Nxe5 21. fxe5 h4 22. e4 dxe4 23. Qe3 h3 24. Nxe4 hxg2 25. Kxg2 Qh3+ 26. Qxh3 Bxe4+ 27. Kg3 gxh3 28. Rxf8+ Rxf8 29. Rxe4 Rf1 30. Kxh3 Rf2 31. Rg4+ Kf7 32. Rg2 Rf3+ 33. Rg3 Rf2 34. Rb3 Rd2 35. Rb7+ Kg6 36. Rxa7 Rxb2 37. Kg3 Rb4 38. Kf3 Rxd4 39. Ke3 c5 40. Ra5 Kf5 41. Rxc5 Ra4 42. Rc2 Kxe5 43. Kd3 Kd5 44. Kc3 Rc4+ 45. Kb3 Rxc2 46. Kxc2 Kc4 47. Kd2 Kb4 48. Ke3 Ka3 49. Ke4 Kxa2 50. Ke5 Kb2 51. Kxe6 1/2-1/2

[Event "Fagernes Open 2021"]
[Site "Fagernes"]
[Date "2021.10.11"]
[Round "2.13"]
[White "Skigelstrand, Live Jorgensen"]
[Black "Eriksen, Olai Dyrhaug"]
[Result "1/2-1/2"]
[ECO "B13"]
[WhiteElo "1649"]
[BlackElo "1809"]
[Annotator "NA"]
[PlyCount "58"]
[EventDate "2021.10.10"]
[EventCountry "NOR"]
[SourceTitle "playchess.com"]
[Source "ChessBase"]
[SourceQuality "1"]
[TimeControl "40/5400+30:1800+30"]

1. e4 c6 2. d4 d5 3. exd5 cxd5 4. Bd3 Nc6 5. c3 Qc7 6. Ne2 Bg4 7. O-O e6 8. Qe1 Nf6 9. Bg5 Bd6 10. f3 Bh5 11. Bxf6 gxf6 12. Qh4 Bg6 13. Bxg6 fxg6 14. Qxf6 Kd7 15. Qh4 g5 16. Qxg5 Bxh2+ 17. Kf2 Rhg8 18. Qh4 Bd6 19. Qxh7+ Ne7 20. Rg1 Bg3+ 21. Nxg3 Qxg3+ 22. Kf1 Raf8 23. Nd2 Qf4 24. Qd3 Nf5 25. Re1 Ng3+ 26. Kf2 Qh4 27. Ke3 Qf4+ 28. Kf2 Qh4 29. Ke3 Qf4+ 1/2-1/2

[Event "Fagernes Open 2021"]
[Site "Fagernes"]
[Date "2021.10.11"]
[Round "2.14"]
[White "Skotheim, Havard"]
[Black "Kittilsen, Sigurd"]
[Result "0-1"]
[ECO "B23"]
[WhiteElo "1326"]
[BlackElo "1881"]
[Annotator "NA"]
[PlyCount "52"]
[EventDate "2021.10.10"]
[EventCountry "NOR"]
[SourceTitle "playchess.com"]
[Source "ChessBase"]
[SourceQuality "1"]
[TimeControl "40/5400+30:1800+30"]

1. e4 c5 2. Nc3 g6 3. f4 Bg7 4. Nf3 Nc6 5. Bb5 Nd4 6. O-O e6 7. d3 a6 8. Ba4 b5 9. Bb3 Bb7 10. a3 Ne7 11. Be3 O-O 12. Rb1 d5 13. e5 Nxb3 14. cxb3 d4 15. Nxb5 axb5 16. Bf2 Qd5 17. Qc2 Bh6 18. Bg3 Nf5 19. Qf2 Ne3 20. Rfe1 Qxb3 21. Rbc1 Bxf3 22. Qxf3 Qxb2 23. Rxc5 Rxa3 24. Qb7 Ra1 25. Rxb5 Rxe1+ 26. Bxe1 Qe2 0-1

[Event "Fagernes Open 2021"]
[Site "Fagernes"]
[Date "2021.10.11"]
[Round "2.15"]
[White "Stokhaug, Jon Arne"]
[Black "Hellesoy, David"]
[Result "0-1"]
[ECO "A47"]
[WhiteElo "1861"]
[BlackElo "1500"]
[Annotator "NA"]
[PlyCount "112"]
[EventDate "2021.10.10"]
[EventCountry "NOR"]
[SourceTitle "playchess.com"]
[Source "ChessBase"]
[SourceQuality "1"]
[TimeControl "40/5400+30:1800+30"]

1. d4 Nf6 2. Nf3 c5 3. c3 b6 4. Bf4 d5 5. e3 Nc6 6. Bb5 Bd7 7. O-O a6 8. Bd3 c4 9. Bc2 Bg4 10. h3 Bh5 11. Nbd2 Bg6 12. Re1 e6 13. Ne5 Nxe5 14. dxe5 Ne4 15. Bxe4 Bxe4 16. Nxe4 dxe4 17. Qc2 Qd3 18. Qa4+ b5 19. Qa5 Qd8 20. Qxd8+ Rxd8 21. Rad1 Bc5 22. Bg5 Rd7 23. a4 h6 24. Bh4 g5 25. Bg3 Ke7 26. axb5 axb5 27. Kf1 Rhd8 28. Ke2 Rd3 29. Bh2 R8d5 30. Rxd3 Rxd3 31. Ra1 Rd8 32. Ra5 Rb8 33. f3 Kd7 34. fxe4 Kc6 35. Bg3 Bb6 36. Ra1 Bc5 37. Kf3 h5 38. Rd1 Be7 39. Ke2 Ra8 40. Rf1 Ra2 41. Rb1 Ba3 42. Be1 Bxb2 43. Kf3 b4 44. cxb4 c3 45. Bxc3 Bxc3 46. b5+ Kb6 47. Rd1 Bxe5 48. Rd7 f6 49. Re7 h4 50. Rxe6+ Kxb5 51. Re8 Kc4 52. Rd8 Kc3 53. Rd5 Bg3 54. Rc5+ Kb4 55. Rc6 Rf2+ 56. Kg4 Be5 0-1

[Event "Fagernes Open 2021"]
[Site "Fagernes"]
[Date "2021.10.11"]
[Round "2.16"]
[White "Lye, Sigurd"]
[Black "Nebell, Anne Grete"]
[Result "1-0"]
[ECO "B07"]
[WhiteElo "1821"]
[BlackElo "1262"]
[Annotator "NA"]
[PlyCount "101"]
[EventDate "2021.10.10"]
[EventCountry "NOR"]
[SourceTitle "playchess.com"]
[Source "ChessBase"]
[SourceQuality "1"]
[TimeControl "40/5400+30:1800+30"]

1. e4 d6 2. d4 g6 3. Nc3 Nf6 4. Be3 c6 5. h3 Qa5 6. Qd2 Nbd7 7. f4 b5 8. e5 b4 9. exf6 bxc3 10. Qxc3 Qxc3+ 11. bxc3 Nxf6 12. Bd3 Bg7 13. Nf3 O-O 14. Rb1 Bd7 15. Kf2 Rab8 16. c4 Be6 17. g4 Rxb1 18. Rxb1 Bc8 19. Rb3 Nd7 20. Ra3 c5 21. Rxa7 cxd4 22. Nxd4 e5 23. Nb5 exf4 24. Bxf4 Be5 25. Bxe5 dxe5 26. Nd6 Nc5 27. Rc7 Nxd3+ 28. cxd3 Be6 29. a3 Rb8 30. Nb5 f5 31. Re7 Rb6 32. Nc7 Bf7 33. Rxe5 fxg4 34. hxg4 Rb3 35. Re3 Rxa3 36. Nb5 Rb3 37. Nd6 Rb6 38. Nxf7 Kxf7 39. g5 Rb2+ 40. Re2 Rb3 41. Ke3 Ke6 42. Ke4 Kd6 43. Rh2 Rb7 44. Kd4 Rd7 45. Rf2 Ke6+ 46. Ke4 Rc7 47. Rf6+ Ke7 48. Rb6 Kf7 49. Kd5 Kg7 50. c5 h6 51. c6 1-0

[Event "Fagernes Open 2021"]
[Site "Fagernes"]
[Date "2021.10.12"]
[Round "3.1"]
[White "Fiskaaen, Martin Holten"]
[Black "Unhjem, Bjorn Robert Lovoll"]
[Result "1-0"]
[ECO "E11"]
[WhiteElo "1829"]
[BlackElo "1924"]
[Annotator "NA"]
[PlyCount "111"]
[EventDate "2021.10.10"]
[EventCountry "NOR"]
[SourceTitle "playchess.com"]
[Source "ChessBase"]
[SourceQuality "1"]
[TimeControl "40/5400+30:1800+30"]

1. d4 Nf6 2. c4 e6 3. Nf3 Bb4+ 4. Bd2 Qe7 5. e3 O-O 6. Bd3 Nc6 7. Nc3 d6 (7... d5 $11) 8. a3 Bxc3 9. Bxc3 e5 10. d5 Nb8 11. Nd2 Nbd7 12. O-O a5 13. Bc2 c6 14. e4 c5 15. Qe2 b6 16. Rae1 Ne8 17. g3 g6 18. f4 f6 19. f5 g5 20. g4 Nc7 21. Kg2 Ba6 22. Bd3 Kg7 23. Rh1 h6 24. Reg1 Rh8 25. h4 Rh7 26. Rh3 Bb7 27. Kf2 Rah8 28. Rgh1 Qf7 29. Qf3 Kf8 30. R1h2 Ke7 31. Qh1 Nf8 32. b4 axb4 33. axb4 Bc8 34. Be2 Bd7 35. Qa1 cxb4 36. Bxb4 Qe8 37. Qa3 Kf7 38. Bxd6 Qc8 39. Qa7 Ne8 40. Qxb6 Nxd6 41. Qxd6 Qb7 42. Qa3 $18 Qc7 43. c5 Bc8 44. Nc4 Nd7 45. c6 Nb8 46. Nd6+ Kg7 47. Nxc8 Rxc8 48. Rb3 Nxc6 49. dxc6 Qxc6 50. hxg5 fxg5 51. Qe7+ Kg8 52. Qxe5 Qc2 53. Rb8 Re7 54. Rxc8+ Qxc8 55. Qxe7 Qc5+ 56. Qxc5 1-0

[Event "Fagernes Open 2021"]
[Site "Fagernes"]
[Date "2021.10.12"]
[Round "3.2"]
[White "Strand, Amund Pihl"]
[Black "Dahl, Torbjorn"]
[Result "0-1"]
[ECO "A26"]
[WhiteElo "1712"]
[BlackElo "1876"]
[Annotator "NA"]
[PlyCount "74"]
[EventDate "2021.10.10"]
[EventCountry "NOR"]
[SourceTitle "playchess.com"]
[Source "ChessBase"]
[SourceQuality "1"]
[TimeControl "40/5400+30:1800+30"]

1. c4 Nf6 2. Nc3 g6 3. g3 Bg7 4. Bg2 O-O 5. e4 e5 6. d3 d6 7. Nge2 Nc6 8. O-O h6 9. h3 Be6 10. Be3 Qd7 11. Kh2 g5 12. f4 gxf4 13. gxf4 exf4 14. Nxf4 Ne5 15. Qd2 c6 16. b3 (16. Rf2 $16) 16... Neg4+ 17. Kg1 Nxe3 18. Qxe3 c5 19. Nce2 Nh7 20. Rad1 Ng5 21. d4 cxd4 22. Nxd4 a6 23. h4 $18 Nh7 24. Ndxe6 fxe6 25. Bh3 Rae8 26. Qg3 Qc8 27. Kh2 Rxf4 28. Rxf4 Kh8 29. Qf3 Be5 30. Kh1 Bxf4 31. Qxf4 e5 32. Qe3 Qc5 33. Qxh6 Qf2 34. Rf1 Qe2 35. Bg2 Rg8 36. Rg1 Rg4 37. Kh2 Qf2 0-1

[Event "Fagernes Open 2021"]
[Site "Fagernes"]
[Date "2021.10.12"]
[Round "3.3"]
[White "Edvardsen, Ragnar"]
[Black "Kreken, Eivind Grunt"]
[Result "1/2-1/2"]
[ECO "B33"]
[WhiteElo "1865"]
[BlackElo "1838"]
[Annotator "NA"]
[PlyCount "41"]
[EventDate "2021.10.10"]
[EventCountry "NOR"]
[SourceTitle "playchess.com"]
[Source "ChessBase"]
[SourceQuality "1"]
[TimeControl "40/5400+30:1800+30"]

1. e4 c5 2. Nf3 Nc6 3. d4 cxd4 4. Nxd4 e5 5. Nb5 d6 6. a4 Nf6 7. N1c3 a6 8. Na3 Bg4 9. Be2 Bxe2 10. Qxe2 d5 11. exd5 Nxd5 12. Nxd5 Qxd5 13. O-O Bc5 14. Be3 Bxe3 15. Qxe3 O-O 16. Rfd1 Qe6 $11 17. Qe4 Rad8 18. Qc4 Qe7 19. c3 Rxd1+ 20. Rxd1 Rd8 21. Qe2 1/2-1/2